PAA
MERCER ISLAND SCREAMING EAGLES @ RICHLAND RAILS
08/27/2020
 
TOP OF THE 1ST
Mercer Island Screaming Eagles batting - Pitching for Richland Rails : RHP Bartolo Medina
Pitching: RHP Bartolo Medina
Batting: LHB Mike Russell 0-0: Ball
1-0: Called Strike
1-1: Ball
2-1: Ball
3-1: Base on Balls
Batting: RHB Luis Jiménez 0-0: Ball
1-0: Called Strike
1-1: Ball
2-1: Foul Ball, location: 2F
2-2: Strikes out swinging
Batting: RHB Luis Antonio Hernández 0-0: Ball
1-0: Fly out, F3 (Popup, 3F)
Batting: LHB Nelson Plasenia 0-0: Foul Ball, location: 2F
0-1: Called Strike
0-2: Strikes out swinging
Top of the 1st over - 0 run(s), 0 hit(s), 0 error(s), 1 left on base; Mercer Island 0 - Richland 0
BOTTOM OF THE 1ST
Richland Rails batting - Pitching for Mercer Island Screaming Eagles : LHP Mathies Pilegaard
Pitching: LHP Mathies Pilegaard
Batting: RHB Alexis Smeddon 0-0: Swinging Strike
0-1: Swinging Strike
0-2: Ball
1-2: Foul Ball, location: 2F
1-2: Strikes out looking
Batting: SHB Carlton Reed 0-0: Fly out, F3 (Popup, 3F)
Batting: RHB Tiaki Kunani 0-0: Foul Ball, location: 2F
0-1: SINGLE (Flyball, 34D)
Batting: RHB Miguel Vidro 0-0: Ball
1-0: Ball
2-0: Ball
Tiaki Kunani steals 2nd base
3-0: Called Strike
3-1: Foul Ball, location: 2F
3-2: Strikes out swinging
Bottom of the 1st over - 0 run(s), 1 hit(s), 0 error(s), 1 left on base; Mercer Island 0 - Richland 0
TOP OF THE 2ND
Mercer Island Screaming Eagles batting - Pitching for Richland Rails : RHP Bartolo Medina
Batting: SHB Ray Davis 0-0: Ball
1-0: Foul Ball, location: 2F
1-1: Ball
2-1: Ball
3-1: Base on Balls
Batting: LHB Tom Smith 0-0: Ball
1-0: Called Strike
1-1: Ball
2-1: Swinging Strike
2-2: Strikes out looking
Batting: LHB Gustavo Cortéz 0-0: Called Strike
0-1: Swinging Strike
0-2: Strikes out swinging
Batting: RHB Luis Rodríguez 0-0: Called Strike
0-1: Ball
1-1: Ball
2-1: Foul Ball, location: 2F
2-2: Foul Ball, location: 2F
2-2: Ball
3-2: Foul Ball, location: 2F
3-2: Base on Balls
Ray Davis to second
Batting: RHB P.J. O'Keefe 0-0: Swinging Strike
0-1: Called Strike
0-2: Ball
1-2: Strikes out swinging
Top of the 2nd over - 0 run(s), 0 hit(s), 0 error(s), 2 left on base; Mercer Island 0 - Richland 0
BOTTOM OF THE 2ND
Richland Rails batting - Pitching for Mercer Island Screaming Eagles : LHP Mathies Pilegaard
Batting: RHB Gustavo Berrios 0-0: Ball
1-0: Ball
2-0: Swinging Strike
2-1: Ground out 6-3 (Groundball, 6M)
Batting: RHB Juan Martínez 0-0: Ball
1-0: SINGLE (Flyball, 8RS)
Batting: RHB Ramón Cruz 0-0: Called Strike
0-1: Called Strike
0-2: Ball
1-2: DOUBLE (Line Drive, 78M)
Juan Martínez to third
Batting: RHB Francisco Avelleyra 0-0: Swinging Strike
0-1: Fly out, F9 (Flyball, 9S)
Batting: RHB Jack Davis 0-0: Ball
1-0: Ball
2-0: Ball
3-0: Called Strike
3-1: Fly out, F9 (Flyball, 9M)
Bottom of the 2nd over - 0 run(s), 2 hit(s), 0 error(s), 2 left on base; Mercer Island 0 - Richland 0
TOP OF THE 3RD
Mercer Island Screaming Eagles batting - Pitching for Richland Rails : RHP Bartolo Medina
Batting: LHB Mike Russell 0-0: Ball
1-0: SINGLE (Groundball, 34D)
Batting: RHB Luis Jiménez 0-0: Fielders Choice at 2nd, 6-4 (Groundball, 6)
Batting: RHB Luis Antonio Hernández 0-0: Ball
1-0: Ground out 5-3 (Groundball, 5S)
Luis Jiménez to second
Batting: LHB Nelson Plasenia 0-0: Foul Ball, location: 2F
0-1: Called Strike
0-2: SINGLE (Line Drive, 78S)
Luis Jiménez to third
Runner from 3rd tries for Home, SAFE, no throw or cutoff
Batting: SHB Ray Davis 0-0: SINGLE (Line Drive, 78S)
Nelson Plasenia to second
Batting: LHB Tom Smith 0-0: Ball
1-0: Fly out, F8 (Flyball, 8RXD)
Top of the 3rd over - 1 run(s), 3 hit(s), 0 error(s), 2 left on base; Mercer Island 1 - Richland 0
BOTTOM OF THE 3RD
Richland Rails batting - Pitching for Mercer Island Screaming Eagles : LHP Mathies Pilegaard
Batting: RHB Alexis Smeddon 0-0: Ball
1-0: Foul Ball, location: 2F
1-1: Ball
2-1: Foul Ball, location: 2F
2-2: Fly out, F8 (Flyball, 8RM)
Batting: SHB Carlton Reed 0-0: Swinging Strike
0-1: Ball
1-1: Ball
2-1: Ground out 5-3 (Groundball, 56)
Batting: RHB Tiaki Kunani 0-0: Ball
1-0: Ball
2-0: Called Strike
2-1: Called Strike
2-2: Strikes out looking
Bottom of the 3rd over - 0 run(s), 0 hit(s), 0 error(s), 0 left on base; Mercer Island 1 - Richland 0
TOP OF THE 4TH
Mercer Island Screaming Eagles batting - Pitching for Richland Rails : RHP Bartolo Medina
Batting: LHB Gustavo Cortéz 0-0: Fly out, F5 (Popup, 5S)
Batting: RHB Luis Rodríguez 0-0: Ball
1-0: Ball
2-0: Ball
3-0: Base on Balls
Batting: RHB P.J. O'Keefe 0-0: Ball
1-0: Foul Ball, location: 2F
1-1: Ball
2-1: Foul Ball, location: 2F
2-2: Fielders Choice at 2nd, 1-6 (Groundball, 23)
Batting: LHB Mike Russell 0-0: Ball
1-0: Called Strike
1-1: Foul Ball, location: 2F
1-2: Strikes out swinging
Top of the 4th over - 0 run(s), 0 hit(s), 0 error(s), 1 left on base; Mercer Island 1 - Richland 0
BOTTOM OF THE 4TH
Richland Rails batting - Pitching for Mercer Island Screaming Eagles : LHP Mathies Pilegaard
Batting: RHB Miguel Vidro 0-0: Fly out, F9 (Flyball, 9M)
Batting: RHB Gustavo Berrios 0-0: Ground out 2-3 (Groundball, 2L)
Batting: RHB Juan Martínez 0-0: Foul Ball, location: 2F
0-1: Ground out 1-3 (Groundball, 13S)
Bottom of the 4th over - 0 run(s), 0 hit(s), 0 error(s), 0 left on base; Mercer Island 1 - Richland 0
TOP OF THE 5TH
Mercer Island Screaming Eagles batting - Pitching for Richland Rails : RHP Bartolo Medina
Batting: RHB Luis Jiménez 0-0: Ground out 6-3 (Groundball, 6)
Batting: RHB Luis Antonio Hernández 0-0: Foul Ball, location: 2F
0-1: Ball
1-1: DOUBLE (Flyball, 78D)
Batting: LHB Nelson Plasenia 0-0: Ball
1-0: Ball
2-0: SINGLE (Flyball, 89S)
Luis Antonio Hernández to third
Runner from 3rd tries for Home, SAFE, no throw or cutoff
Batting: SHB Ray Davis 0-0: Called Strike
0-1: Ball
Pickoff Throw by Catcher to First - Error! E2
Nelson Plasenia to second
1-1: Fly out, F8 (Flyball, 8RD)
Runner from 2nd tags up, SAFE at 3rd, no throw
Batting: LHB Tom Smith 0-0: Called Strike
0-1: Ball
1-1: Fly out, F7 (Flyball, 78S)
Top of the 5th over - 1 run(s), 2 hit(s), 1 error(s), 1 left on base; Mercer Island 2 - Richland 0
BOTTOM OF THE 5TH
Richland Rails batting - Pitching for Mercer Island Screaming Eagles : LHP Mathies Pilegaard
Batting: RHB Ramón Cruz 0-0: Called Strike
0-1: Foul Ball, location: 2F
0-2: Foul Ball, location: 2F
0-2: Ball
1-2: SINGLE (Popup, 78S)
Batting: RHB Francisco Avelleyra 0-0: Called Strike
0-1: Swinging Strike
0-2: Strikes out swinging
Batting: RHB Jack Davis 0-0: Called Strike
0-1: Ball
1-1: Ball
2-1: SINGLE (Groundball, 56D)
Ramón Cruz to second
Batting: RHB Alexis Smeddon 0-0: Called Strike
Ramón Cruz is caught stealing 3rd base
Jack Davis to second
0-1: Ball
1-1: Fly out, F9 (Popup, 34D)
Bottom of the 5th over - 0 run(s), 2 hit(s), 0 error(s), 1 left on base; Mercer Island 2 - Richland 0
TOP OF THE 6TH
Mercer Island Screaming Eagles batting - Pitching for Richland Rails : RHP Bartolo Medina
Batting: LHB Gustavo Cortéz 0-0: Ball
1-0: Foul Ball, location: 2F
1-1: Foul Ball, location: 2F
1-2: Ball
2-2: Ball
3-2: Strikes out swinging
Batting: RHB Luis Rodríguez 0-0: Called Strike
0-1: Hit by Pitch
Batting: RHB P.J. O'Keefe 0-0: Ball
1-0: Ball
2-0: Ball
3-0: Called Strike
3-1: Fly out, F8 (Flyball, 8RM)
Batting: LHB Mike Russell 0-0: Called Strike
0-1: SINGLE (Line Drive, 9S)
Luis Rodríguez to second
Batting: RHB Luis Jiménez 0-0: SINGLE (Line Drive, 78M)
Luis Rodríguez to third
Mike Russell to second
Batting: RHB Luis Antonio Hernández 0-0: Ball
1-0: Called Strike
1-1: Ball
2-1: Fly out, F8 (Flyball, 8LD)
Top of the 6th over - 0 run(s), 2 hit(s), 0 error(s), 3 left on base; Mercer Island 2 - Richland 0
BOTTOM OF THE 6TH
Richland Rails batting - Pitching for Mercer Island Screaming Eagles : LHP Mathies Pilegaard
Batting: SHB Carlton Reed 0-0: Called Strike
0-1: Ball
1-1: Foul Ball, location: 2F
1-2: SINGLE (Groundball, 4MD)
Batting: RHB Tiaki Kunani 0-0: Ball
1-0: Ball
2-0: SINGLE (Groundball, 6MD)
Carlton Reed to second
Batting: RHB Miguel Vidro 0-0: Ball
1-0: Ball
2-0: Fly out, F9 (Flyball, 9LM)
Batting: RHB Gustavo Berrios 0-0: Called Strike
0-1: Fly out, F8 (Flyball, 8RM)
Batting: RHB Juan Martínez 0-0: Fly out, F8 (Flyball, 8RM)
Bottom of the 6th over - 0 run(s), 2 hit(s), 0 error(s), 2 left on base; Mercer Island 2 - Richland 0
TOP OF THE 7TH
Mercer Island Screaming Eagles batting - Pitching for Richland Rails : RHP Bartolo Medina
Batting: LHB Nelson Plasenia 0-0: Ball
1-0: Ball
2-0: Ball
3-0: Base on Balls
Batting: SHB Ray Davis 0-0: Ball
1-0: Foul Ball, location: 2F
1-1: Ball
2-1: Ball
3-1: Base on Balls
Nelson Plasenia to second
Batting: LHB Tom Smith 0-0: Bunted foul
0-1: Sac Bunt - play at first, batter OUT! 1-4
Nelson Plasenia to third
Ray Davis to second
Batting: LHB Gustavo Cortéz 0-0: Ball
1-0: Swinging Strike
1-1: Fly out, F7 (Flyball, 7LM)
Throwing error, E7
Nelson Plasenia scores
Ray Davis to third
Batting: RHB Luis Rodríguez 0-0: Called Strike
0-1: Ball
1-1: Foul Ball, location: 2F
1-2: Strikes out looking
Top of the 7th over - 1 run(s), 0 hit(s), 1 error(s), 1 left on base; Mercer Island 3 - Richland 0
BOTTOM OF THE 7TH
Richland Rails batting - Pitching for Mercer Island Screaming Eagles : LHP Mathies Pilegaard
Batting: RHB Ramón Cruz 0-0: Called Strike
0-1: Ground out 4-3 (Groundball, 34)
Batting: RHB Francisco Avelleyra 0-0: Called Strike
0-1: Ball
1-1: Ball
2-1: Ball
3-1: Called Strike
3-2: Strikes out swinging
Batting: RHB Jack Davis 0-0: Called Strike
0-1: Swinging Strike
0-2: Ball
1-2: Ball
2-2: Ground out 1-3 (Groundball, 13)
Bottom of the 7th over - 0 run(s), 0 hit(s), 0 error(s), 0 left on base; Mercer Island 3 - Richland 0
TOP OF THE 8TH
Mercer Island Screaming Eagles batting - Pitching for Richland Rails : RHP Bartolo Medina
Batting: RHB P.J. O'Keefe 0-0: Ball
1-0: Foul Ball, location: 2F
1-1: Fly out, F5 (Line Drive, 5)
Batting: LHB Mike Russell 0-0: Foul Ball, location: 2F
0-1: Called Strike
0-2: Ball
1-2: Foul Ball, location: 2F
1-2: Strikes out swinging
Batting: RHB Luis Jiménez 0-0: Swinging Strike
0-1: Foul Ball, location: 2F
0-2: Ball
1-2: Strikes out looking
Top of the 8th over - 0 run(s), 0 hit(s), 0 error(s), 0 left on base; Mercer Island 3 - Richland 0
BOTTOM OF THE 8TH
Richland Rails batting - Pitching for Mercer Island Screaming Eagles : LHP Mathies Pilegaard
Batting: RHB Alexis Smeddon 0-0: Ball
1-0: Called Strike
1-1: Foul Ball, location: 2F
1-2: Foul Ball, location: 2F
1-2: Ground out 5-3 (Groundball, 56)
Batting: SHB Carlton Reed 0-0: Fly out, F7 (Line Drive, 7M)
Batting: RHB Tiaki Kunani 0-0: Ball
1-0: Foul Ball, location: 2F
1-1: Ball
2-1: Fly out, F7 (Line Drive, 7LM)
Bottom of the 8th over - 0 run(s), 0 hit(s), 0 error(s), 0 left on base; Mercer Island 3 - Richland 0
TOP OF THE 9TH
Mercer Island Screaming Eagles batting - Pitching for Richland Rails : RHP Bartolo Medina
Pitching: RHP Powell Horne
Batting: RHB Luis Antonio Hernández 0-0: Foul Ball, location: 2F
0-1: Ball
1-1: Fly out, F7 (Popup, 7S)
Pitching: RHP Jim Unknown
Batting: LHB Nelson Plasenia 0-0: Called Strike
0-1: Foul Ball, location: 2F
0-2: Ground out U3 (Groundball, 3)
Batting: SHB Ray Davis 0-0: Ball
1-0: Fly out, F7 (Flyball, 78M)
Top of the 9th over - 0 run(s), 0 hit(s), 0 error(s), 0 left on base; Mercer Island 3 - Richland 0
BOTTOM OF THE 9TH
Richland Rails batting - Pitching for Mercer Island Screaming Eagles : LHP Mathies Pilegaard
Batting: RHB Miguel Vidro 0-0: Called Strike
0-1: Ball
1-1: Foul Ball, location: 2F
1-2: Strikes out swinging
Batting: RHB Gustavo Berrios 0-0: Called Strike
0-1: Called Strike
0-2: Strikes out looking
Batting: RHB Juan Martínez 0-0: Called Strike
0-1: Ball
1-1: Called Strike
1-2: Strikes out looking
Bottom of the 9th over - 0 run(s), 0 hit(s), 0 error(s), 0 left on base; Mercer Island 3 - Richland 0
This league is powered by Out of the Park Baseball, the baseball management simulation game for PC, Mac and Linux
Friday, October 23rd, 2015 - OOTP Baseball 16.9 Build 39